 Dungeon Crawl Stone Soup version 0.16-a0-331-g39fd2ee (webtiles) character file.

5425 PolkaDot the Summoner (level 10, -1/63 HPs)
             Began as a Vampire Summoner on Sept 6, 2014.
             Was the Champion of Sif Muna.
             Killed by divine providence
             ... invoked by an orc priest
              (14 damage)
             ... on Level 10 of the Dungeon on Sept 7, 2014.
             The game lasted 00:42:51 (10551 turns).

PolkaDot the Summoner (Vampire Summoner)           Turns: 10551, Time: 00:42:51

HP  -1/63        AC 10     Str  7      XL: 10   Next: 40%
MP   0/21        EV 13     Int 20      God: Sif Muna [******]
Gold 302         SH  0     Dex 14      Spells:  4 memorised,  3 levels left

rFire  . . .     SeeInvis +     k - +1 trident (freeze) (curse)
rCold  . . .     Clarity  .     D - +1 steam dragon armour
rNeg   . . .     rCorr    .     (no shield)
rPois  .         rRot     .     n - +2 hat
rElec  .         Spirit   .     z - +0 cloak (curse)
SustAb .         Warding  .     p - +0 pair of gloves
rMut   .         Stasis   .     (no boots)
Gourm  .                        e - amulet of faith
MR     +....                    (no ring)
                                i - +4 ring of slaying

@: regenerating quickly, somewhat resistant to hostile enchantments, unstealthy
A: bottle blood, fangs 3, see invisible, unbreathing
a: Bottle Blood, Channel Energy, Forget Spell, Renounce Religion


You were on level 10 of the Dungeon.
You worshipped Sif Muna.
Sif Muna was exalted by your worship.
You were very full.

You visited 2 branches of the dungeon, and saw 11 of its levels.

You collected 302 gold pieces.

Inventory:

Hand weapons
 k - a cursed +1 trident of freezing (weapon)
Armour
 n - a +2 hat (worn)
 p - a +0 pair of gloves (worn)
 z - a cursed +0 cloak (worn)
 D - a +1 steam dragon armour (worn)
Magical devices
 a - a wand of magic darts (11)
 b - a wand of digging (6) {unknown}
 l - a wand of flame (13) {unknown}
 x - a wand of hasting (4)
 B - a wand of polymorph (6)
Scrolls
 c - 2 scrolls of enchant weapon
 f - 3 scrolls of magic mapping
 m - 5 scrolls of remove curse
 o - 3 scrolls of fear
 q - a scroll of blinking
 r - a scroll of identify
 t - 3 scrolls of teleportation
 v - a scroll of fog {unknown}
 y - a scroll of silence {unknown}
 A - a scroll of summoning
Jewellery
 e - an amulet of faith (around neck)
 i - a +4 ring of slaying (left hand)
Potions
 d - 3 potions of cancellation
 g - 2 potions of heal wounds
 h - 4 potions of curing
 j - a potion of haste
 w - 2 potions of brilliance {unknown}
 C - 2 potions of resistance {unknown}
 E - 4 potions of blood {@*1}
 F - a potion of beneficial mutation {unknown}
Books
 u - Khymoew's Catalogue of Creation {god gift}
   (Sif Muna gifted it to you on level 9 of the Dungeon)

   Spells                             Type                      Level
   Abjuration                         Summoning                    3
   Shadow Creatures                   Summoning                    5
   Summon Demon                       Summoning                    5
   Summon Hydra                       Summoning                    7
Magical staves
 s - an uncursed staff of wizardry


   Skills:
 * Level 2.5 Dodging
 - Level 3.0 Stealth
 - Level 4.7 Spellcasting
 - Level 7.9 Hexes
 + Level 11.0 Summonings
 - Level 5.0 Ice Magic
 - Level 5.3 Air Magic
 - Level 4.0 Invocations


You had 3 spell levels left.
You knew the following spells:

 Your Spells              Type           Power        Failure   Level  Hunger
d - Call Canine Familiar  Summ           #####...     1%          3    ###....
g - Summon Guardian Gole  Hex/Summ       #####...     2%          4    ####...
i - Summon Ice Beast      Ice/Summ       #####...     6%          4    ####...
s - Summon Lightning Spi  Summ/Air       #####...     6%          4    ####...


Dungeon Overview and Level Annotations

Branches:
Dungeon (10/15)            Temple (1/1) D:5             Orc (0/4) D:9
   Lair: D:8-11

Altars:
Ashenzari
Cheibriados
Dithmenos
Elyvilon
Fedhas
Gozag
Kikubaaqudgha
Makhleb
Nemelex Xobeh
Okawaru
Qazlal
Sif Muna
Trog
Vehumet
Xom
Yredelemnul
Zin
The Shining One


Innate Abilities, Weirdness & Mutations

Your natural rate of healing is unusually fast.
You can bottle blood from corpses.
You have razor-sharp teeth.
You have supernaturally acute eyesight.
You can survive without breathing.


Message History

Your ice beast freezes the hill giant!
Your ice beast barely misses the hill giant.
Your wolf bites the hill giant.
The hill giant hits your ice beast with a giant spiked club!!
Your ice beast dies!
The orc priest calls down the wrath of Beogh upon you.
Something smites you!
* * * LOW HITPOINT WARNING * * *
Your wolf bites the hill giant but does no damage.
Your wolf bites the hill giant!
The hill giant closely misses your wolf.
Your ice beast hits the hill giant but does no damage.
Casting: Summon Guardian Golem
Confirm with . or Enter, or press ? or * to list all spells.
A chill wind blows around you.
* * * LOW MAGIC WARNING * * *
Your wolf bites the hill giant.
The orc priest mumbles some strange prayers to Beogh against you.
Something smites you!
You die...

#........#
#........#
#........
#.......
#....o####
#####CY..###
#...hY8....#
#..........#
#.<..@...}.#
+......Y...#
#(..%......#
#..........#
#..........#
#..........#
####'#######
#.# #.#


You could see a hill giant, an orc priest, a friendly guardian golem, 3 friendly
ice beasts and a friendly wolf.

Vanquished Creatures
  Erolcha (D:9)
  The ghost of Ratboiler the Martial Artist, an experienced OpTm of Gozag (D:7)
  Prince Ribbit (D:6)
  A hill giant zombie (D:8)
  A hill giant skeleton (D:5)
  A steam dragon (D:7)
  2 orc warriors
  A black bear (D:10)
  A centaur (D:7)
  An ogre (D:5)
  The ghost of Ratboiler the Insei, an average OpTm (D:6)
  2 giant frogs (D:8)
  A big kobold (D:9)
  A scorpion (D:4)
  A hippogriff zombie (D:9)
  6 wights
  A goliath beetle (D:6)
  4 crimson imps
  A centaur zombie (D:5)
  2 hounds
  A quasit (D:8)
  Crazy Yiuf (D:6)
  3 orc priests (D:9)
  A giant frog zombie (D:5)
  5 orc wizards
  2 iguanas
  4 worker ants
  Natasha (twice) (D:4)
  A big kobold zombie (D:9)
  Jessica (D:3)
  2 mummies
  A worker ant zombie (D:6)
  8 adders
  4 gnolls
  An orc zombie (D:7)
  2 giant mites
  3 shadow imps
  7 giant geckos
  30 orcs
  A giant cockroach (D:3)
  10 hobgoblins
  2 jackals (D:1)
  A quokka (D:5)
  11 bats
  A giant gecko skeleton (D:4)
  7 giant newts
  9 goblins
  2 goblin skeletons (D:4)
  A goblin zombie (D:5)
  14 kobolds
  An orc skeleton (D:9)
  15 rats
185 creatures vanquished.

Vanquished Creatures (collateral kills)
  Psyche (D:9)
  Grinder (D:6)
  A wyvern (D:9)
  A spriggan (D:7)
  A hippogriff (D:8)
  Edmund (D:9)
  A water moccasin (D:7)
  An orc warrior (D:8)
  An ice beast (D:8)
  A sky beast (D:7)
  2 ogres
  4 centaurs
  Sigmund (D:7)
  Blork the orc (D:7)
  A gnoll sergeant (D:8)
  6 giant frogs
  A scorpion (D:9)
  3 killer bees (D:9)
  9 wights
  5 electric eels (D:9)
  5 crimson imps
  2 goliath beetles
  3 orc priests
  2 jellies (D:7)
  10 orc wizards
  3 worker ants
  2 iguanas
  2 adders
  2 gnolls (D:8)
  Natasha (D:4)
  A giant mite (D:1)
  A shadow imp (D:7)
  An orc skeleton (D:9)
  An ooze (D:1)
  28 orcs
  A goblin (D:1)
  2 hobgoblins
  2 jackals (D:1)
  4 kobolds
  An orc zombie (D:10)
  3 ballistomycetes (D:7)
120 creatures vanquished.

Vanquished Creatures (others)
  3 wolves
  A giant frog (D:7)
  10 ice beasts
  A scorpion (D:7)
  3 hounds
  A worker ant zombie (D:7)
  A shadow imp (D:6)
  2 white imps
  A quokka (D:1)
  A giant spore (D:7)
24 creatures vanquished.

Grand Total: 329 creatures vanquished

Notes
Turn   | Place    | Note
--------------------------------------------------------------
     0 | D:1      | PolkaDot, the Vampire Summoner, began the quest for the Orb.
     0 | D:1      | Reached XP level 1. HP: 13/13 MP: 3/3
   342 | D:1      | Reached XP level 2. HP: 2/19 MP: 4/4
   390 | D:1      | Learned a level 2 spell: Call Imp
  1449 | D:1      | Reached skill level 5 in Summonings
  1658 | D:2      | Reached XP level 3. HP: 24/24 MP: 6/6
  2429 | D:3      | Noticed Jessica
  2436 | D:3      | Killed Jessica
  2644 | D:3      | Reached XP level 4. HP: 30/30 MP: 7/7
  3390 | D:4      | Reached skill level 6 in Summonings
  3432 | D:4      | Learned a level 3 spell: Call Canine Familiar
  3501 | D:4      | Reached XP level 5. HP: 24/35 MP: 6/9
  4076 | D:4      | Noticed Natasha
  4091 | D:4      | Killed Natasha
  4091 | D:4      | Reached skill level 7 in Summonings
  4138 | D:4      | Noticed Natasha
  4145 | D:4      | Killed Natasha
  4418 | D:4      | Noticed Natasha
  4421 | D:4      | Killed Natasha
  4612 | D:4      | Reached XP level 6. HP: 39/41 MP: 10/10
  4637 | D:5      | Entered Level 5 of the Dungeon
  4840 | D:5      | Noticed a hill giant skeleton
  4873 | D:5      | Killed a hill giant skeleton
  4873 | D:5      | Reached skill level 8 in Summonings
  5096 | D:5      | Found a staircase to the Ecumenical Temple.
  5117 | Temple   | Entered the Ecumenical Temple
  5321 | Temple   | Became a worshipper of Sif Muna the Loreminder
  5345 | D:5      | Reached XP level 7. HP: 46/46 MP: 12/12
  5654 | D:5      | Reached skill level 9 in Summonings
  5855 | D:5      | Learned a level 4 spell: Summon Ice Beast
  5967 | D:6      | Noticed Ratboiler's ghost (average OpTm)
  5981 | D:6      | Killed Ratboiler's ghost
  5981 | D:6      | Acquired Sif Muna's first power
  5987 | D:6      | HP: 1/46 [goliath beetle (3)]
  6189 | D:6      | Noticed Prince Ribbit
  6199 | D:6      | Killed Prince Ribbit
  6199 | D:6      | Reached skill level 10 in Summonings
  6199 | D:6      | Reached XP level 8. HP: 38/52 MP: 0/13
  6360 | D:6      | Noticed Grinder
  6365 | D:6      | Reached skill level 1 in Ice Magic
  6372 | D:6      | Killed Grinder
  6372 | D:6      | Acquired Sif Muna's second power
  6835 | D:6      | Noticed Crazy Yiuf
  6842 | D:6      | Killed Crazy Yiuf
  6927 | D:6      | Reached skill level 5 in Ice Magic
  6939 | D:7      | Noticed Ratboiler's ghost (experienced OpTm)
  6959 | D:7      | Killed Ratboiler's ghost
  6965 | D:7      | Learned a level 4 spell: Summon Guardian Golem
  7024 | D:7      | Reached skill level 1 in Hexes
  7151 | D:7      | Reached XP level 9. HP: 41/57 MP: 9/18
  7268 | D:7      | Acquired Sif Muna's third power
  7379 | D:7      | Found a shimmering altar of Xom.
  7379 | D:7      | Found a bloodstained altar of Trog.
  7432 | D:7      | Reached skill level 5 in Hexes
  7556 | D:7      | Noticed Sigmund
  7578 | D:7      | Killed Sigmund
  8193 | D:7      | Noticed Blork the orc
  8207 | D:7      | Killed Blork the orc
  8726 | D:8      | Learned a level 4 spell: Summon Lightning Spire
  8779 | D:8      | Reached skill level 1 in Air Magic
  9229 | D:9      | Noticed Erolcha
  9236 | D:9      | Killed Erolcha
  9236 | D:9      | Reached skill level 5 in Air Magic
  9236 | D:9      | Reached XP level 10. HP: 19/63 MP: 18/21
  9575 | D:9      | Reached skill level 1 in Invocations
  9727 | D:9      | Found a staircase to the Orcish Mines.
  9796 | D:9      | Noticed Edmund
  9825 | D:9      | Killed Edmund
  9825 | D:9      | Received a gift from Sif Muna
  9826 | D:9      | Identified Khymoew's Catalogue of Creation {god gift} (Sif Muna gifted it to you on level 9 of the Dungeon)
  9835 | D:9      | Noticed Psyche
  9843 | D:9      | Killed Psyche
 10461 | D:10     | Entered Level 10 of the Dungeon
 10465 | D:10     | Reached skill level 11 in Summonings
 10537 | D:10     | Noticed a hill giant
 10551 | D:10     | Killed from afar by an orc priest

Action                   |  1- 3 |  4- 6 |  7- 9 | 10-12 || total
-------------------------+-------+-------+-------+-------++-------
Melee: Dagger            |   117 |    50 |       |       ||   167
       Unarmed           |     5 |       |       |       ||     5
       Trident           |       |    92 |   261 |   198 ||   551
 Cast: Summon Small Mamm |    10 |       |       |       ||    10
       Call Imp          |     4 |     5 |     4 |       ||    13
       Call Canine Famil |       |     6 |    18 |     6 ||    30
       Summon Ice Beast  |       |       |    50 |    30 ||    80
       Summon Guardian G |       |       |     2 |     5 ||     7
       Summon Lightning  |       |       |       |     1 ||     1
Invok: Channel Energy    |       |       |    48 |    12 ||    60
 Abil: Bottle Blood      |       |       |       |     9 ||     9
  Use: Potion            |     2 |     1 |     9 |    10 ||    22
       Scroll            |       |    13 |     9 |       ||    22
 Stab: Sleeping          |     7 |     8 |    10 |     2 ||    27
       Distracted        |       |       |     3 |       ||     3
       Confused          |       |       |       |     1 ||     1
  Eat: Corpse            |    18 |    14 |    31 |    12 ||    75
